AoeStats
← SEFA

Black Forest

509631503Analyzed
3v3 RM · 6d ago on Sep 27, 2026· 52m 10s· 6 players
Game mode
Random Map
Map size
Normal (6 player)
Population
200
Speed
Normal
Resources
Standard
Victory
Conquest
Starting age
Dark Age
Ending age
Imperial Age
RankedLock teamsTeams togetherTeam positionsShared explorationLock speedFull tech treeHidden civsTurbo modeCheats
Victory
Defeat
🇻🇳 Lithuanians · Vietnam
880
+16
🇻🇳 Magyars · Vietnam
861
+17
🇻🇳 Malians · Vietnam
856
+17
🇲🇽 Spanish · Mexico
1037
-23
🇹🇷 Huns · Türkiye
814
-14
🇪🇸 Britons · Spain
793
-13
PCTtamnek
0:40 Loom
13:55 Feudal Age
15:09 Double-Bit Axe
19:19 Castle Age
20:08 Horse Collar
30:05 Corvinian Army
32:09 Heavy Plow
33:01 Scale Barding Armor
34:39 Chain Barding Armor
34:29 Stone Mining
35:17 Wheelbarrow
34:28 Town Watch
35:15 Bow Saw
38:27 Imperial Age
36:15 Hand Cart
35:57 Town Watch
36:39 Hand Cart
36:10 Town Watch
38:29 Murder Holes
38:15 Treadmill Crane
38:56 Ballistics
38:34 Heated Shot
38:58 Masonry
40:04 Conscription
39:07 Elite Magyar Huszar
42:06 Husbandry
42:17 Bloodlines
44:32 Town Patrol
47:33 Crop Rotation
48:07 Two-Man Saw
49:27 Chemistry
53:17 Plate Barding Armor
trtrnghia123
12:51 Feudal Age
15:17 Double-Bit Axe
17:50 Castle Age
15:44 Horse Collar
18:51 Scale Mail Armor
19:01 Forging
18:40 Arson
19:36 Wheelbarrow
20:12 Squires
23:23 Bow Saw
25:04 Padded Archer Armor
24:54 Fletching
25:43 Heavy Plow
26:17 Elite Skirmisher
27:03 Thumb Ring
30:29 Hand Cart
30:08 Stone Mining
30:08 Gold Mining
31:43 Stone Shaft Mining
32:33 Scale Barding Armor
33:04 Iron Casting
35:46 Imperial Age
33:34 Husbandry
33:44 Bloodlines
33:45 Caravan
36:05 Chain Barding Armor
36:50 Gold Shaft Mining
36:20 Heavy Camel Rider
37:19 Farimba
42:25 Crop Rotation
42:41 Plate Barding Armor
43:58 Leather Archer Armor
43:40 Bodkin Arrow
44:00 Chain Mail Armor
44:10 Conscription
44:08 Tigui
tuyentuyem55555
0:44 Loom
13:33 Feudal Age
14:18 Double-Bit Axe
14:27 Horse Collar
18:32 Castle Age
16:46 Stone Mining
18:35 Gold Mining
21:10 Bow Saw
24:14 Forging
24:10 Scale Barding Armor
26:08 Iron Casting
28:21 Heavy Plow
32:26 Caravan
33:12 Stone Shaft Mining
34:26 Chain Barding Armor
36:41 Imperial Age
35:27 Fortified Wall
36:15 Chain Barding Armor
36:39 Masonry
37:12 Husbandry
37:23 Bloodlines
38:20 Plate Barding Armor
38:09 Conscription
37:13 Elite Leitis
38:28 Hoardings
39:12 Architecture
39:54 Hoardings
40:48 Two-Man Saw
41:14 Fletching
44:33 Guilds
45:03 Crop Rotation
48:01 Bodkin Arrow
49:11 Chemistry
48:31 Ballistics
48:26 Guard Tower
49:44 Wheelbarrow
48:55 Town Watch
Arthurion
0:49 Loom
12:22 Feudal Age
12:49 Double-Bit Axe
13:47 Horse Collar
17:59 Castle Age
17:03 Stone Mining
17:06 Gold Mining
17:19 Fletching
17:44 Town Watch
20:18 Bow Saw
21:34 Stone Shaft Mining
21:16 Padded Archer Armor
30:14 Murder Holes
30:38 Inquisition
30:55 Fervor
32:02 Wheelbarrow
32:54 Heavy Plow
35:52 Imperial Age
34:14 Bloodlines
34:05 Husbandry
35:15 Hand Cart
36:23 Leather Archer Armor
36:14 Scale Barding Armor
36:20 Forging
36:03 Cavalier
37:53 Chemistry
38:19 Town Patrol
38:27 Paladin
39:35 Sappers
40:36 Conscription
41:49 Two-Man Saw
44:27 Iron Casting
44:13 Chain Barding Armor
45:07 Pikeman
45:47 Squires
45:33 Gambesons
47:16 Blast Furnace
46:17 Scale Mail Armor
46:53 Plate Barding Armor
46:43 Halberdier
SEFA
0:26 Loom
12:38 Feudal Age
13:56 Wheelbarrow
13:18 Town Watch
13:26 Horse Collar
14:11 Double-Bit Axe
16:20 Stone Mining
16:49 Gold Mining
20:49 Castle Age
20:33 Forging
20:28 Scale Barding Armor
22:07 Hand Cart
26:25 Heavy Plow
27:24 Bow Saw
32:04 Imperial Age
30:03 Marauders
30:28 Chain Barding Armor
31:50 Iron Casting
32:07 Elite Tarkan
34:14 Chemistry
34:52 Gold Shaft Mining
35:59 Blast Furnace
36:08 Plate Barding Armor
41:22 Pikeman
43:22 Scale Mail Armor
42:59 Halberdier
45:16 Chain Mail Armor
Munguia1989
7:51 Loom
12:52 Feudal Age
16:46 Wheelbarrow
17:36 Gold Mining
23:43 Castle Age
22:39 Horse Collar
22:48 Double-Bit Axe
22:59 Fletching
23:12 Padded Archer Armor
24:02 Wheelbarrow
23:14 Town Watch
27:48 Wheelbarrow
26:59 Town Watch
27:56 Gold Shaft Mining
27:12 Stone Mining
27:27 Bodkin Arrow
27:48 Leather Archer Armor
28:43 Pikeman
29:24 Squires
29:09 Arson
30:30 Crossbowman
31:17 Elite Skirmisher
32:36 Town Patrol
32:44 Town Patrol
34:24 Hand Cart
45:27 Imperial Age
Connection lost

Rejoining the realm…

Still unreachable

The connection could not be restored.

Session expired

The server has moved on; the page needs a fresh start.